 Dungeon Crawl Stone Soup version 0.29-a0-359-g541a27f54d (webtiles) character file.

Game seed: 15684739337780567946

1422 Dauddaud the Cleaver (level 8, -1/64 HPs)
             Began as a Minotaur Berserker on Apr 27, 2022.
             Was a Priest of Trog.
             Slain by a killer bee (6 damage)
             ... on level 7 of the Dungeon.
             The game lasted 00:10:04 (6196 turns).

Dauddaud the Cleaver (Minotaur Berserker)           Turns: 6196, Time: 00:10:07

Health: -1/64      AC: 14    Str: 23    XL:     8   Next: 44%
Magic:  7/7        EV:  7    Int:  4    God:    Trog [***...]
Gold:   83         SH:  0    Dex: 11    Spells: 7/7 levels left

rFire   + . .      SeeInvis .   E - +0 war axe
rCold   . . .      Faith    .   (no shield)
rNeg    . . .      Spirit   .   q - +0 plate armour
rPois   .          Reflect  .   (helmet restricted)
rElec   .          Harm     .   A - +1 cloak
rCorr   .          Rampage  .   (no gloves)
Will    ++...                   r - +0 pair of boots
Stlth   ..........              (no amulet)
HPRegen 1.20/turn               y - ring of protection from fire
MPRegen 0.10/turn               (no ring)

@: lethally poisoned (-1 -> -3), strong-willed, regenerating
A: horns 2, retaliatory headbutt
a: Renounce Religion, Berserk, Trog's Hand


You were on level 7 of the Dungeon.
You worshipped Trog.
Trog was most pleased with you.
You visited 1 branch of the dungeon, and saw 7 of its levels.

You collected 330 gold pieces.
You spent 247 gold pieces at shops.

Inventory:

Hand Weapons
 a - a +0 hand axe
 E - a +0 war axe (weapon)
Armour
 b - a +0 animal skin
 d - a +0 ring mail
 p - a +0 chain mail
 q - a +0 plate armour (worn)
 r - a +0 pair of boots (worn)
 A - a +1 cloak (worn)
Jewellery
 y - a ring of protection from fire (left hand)
Wands
 x - a wand of charming (7)
Scrolls
 c - a scroll of summoning
 e - a scroll of fear
 h - a scroll of torment
 i - 3 scrolls of enchant armour
 k - 2 scrolls of teleportation {unknown}
 l - 2 scrolls of silence {unknown}
 n - 2 scrolls of magic mapping {unknown}
 o - a scroll of immolation {unknown}
 t - a scroll of amnesia {unknown}
 v - a scroll of vulnerability {unknown}
 C - a scroll of noise {unknown}
 D - a scroll of brand weapon {unknown}
Potions
 f - a potion of haste
 g - a potion of heal wounds {unknown}
 j - a potion of ambrosia {unknown}
 m - 2 potions of degeneration {unknown}
 u - a potion of brilliance {unknown}
 w - a potion of might
 z - a potion of resistance {unknown}
 B - a potion of magic {unknown}


   Skills:
 - Level 3.6 Fighting
 + Level 12.9 Axes
 - Level 2.4 Armour
 - Level 2.1 Dodging


You had 7 spell levels left.
You didn't know any spells.
Your spell library was empty.

Dungeon Overview and Level Annotations

Branches:
Dungeon (7/15)             Temple (0/1) D:4

Altars:

Shops:
D:5 [


Innate Abilities, Weirdness & Mutations

You have a pair of horns on your head.
You reflexively headbutt those who attack you in melee.


Message History

The killer bee attacks as you move away!
The killer bee stings you but does no damage.
You feel very sick.
The killer bee stings you but does no damage.
The killer bee attacks as you move away!
The killer bee barely misses you.
You feel sick. The killer bee stings you.
The killer bee stings you but does no damage. x2
The killer bee attacks as you move away!
The killer bee stings you but does no damage.
You feel sick.
The killer bee stings you but does no damage.
The killer bee barely misses you. The killer bee stings you.
* * * LOW HITPOINT WARNING * * *
You are more poisoned.
The killer bee poisons you!
The killer bee attacks as you move away!
The killer bee barely misses you.
You feel very sick.
The killer bee stings you but does no damage. x2
There is an open door here.
The killer bee attacks as you move away!
The killer bee stings you but does no damage.
You feel sick.
The killer bee stings you but does no damage.
You feel sick.
The killer bee stings you but does no damage.
The killer bee attacks as you move away!
The killer bee stings you but does no damage.
You feel sick. The killer bee closely misses you.
The killer bee attacks as you move away!
The killer bee stings you but does no damage.
You feel sick.
The killer bee stings you but does no damage.
Your skin crawls.
You feel strong-willed.
You feel sick. The killer bee stings you.
* * * LOW HITPOINT WARNING * * *
You are more poisoned.
The killer bee poisons you! The killer bee stings you.
You die...

#####.........
#....†........
#######.............
#.....'.............
.#####y............
#hy'h............
#F##.............
#y######........
#@#<............
#.######........
#...............
########........
#########


You could see a bullfrog, a hound and 2 killer bees.

Vanquished Creatures
  A steam dragon (D:6)
  Menkaure (D:6)
  A water moccasin (D:6)
  A sky beast (D:6)
  An ice beast (D:6)
  An ogre (D:6)
  A centaur (D:5)
  A bullfrog (D:7)
  2 necrophages
  2 scorpions
  A killer bee (D:7)
  2 howler monkeys (D:5)
  An orc priest (D:4)
  A jelly (D:4)
  An iguana (D:5)
  An orc wizard (D:4)
  3 gnolls (D:6)
  6 adders
  3 ufetubi
  3 dart slugs
  13 orcs
  2 bats (D:3)
  11 endoplasms
  A giant cockroach (D:1)
  7 goblins
  9 hobgoblins
  3 jackals (D:1)
  8 kobolds
  6 ball pythons
  4 frilled lizards
  3 rats
101 creatures vanquished.

Vanquished Creatures (others)
  2 fungi (D:1)
  9 plants (D:1)
11 creatures vanquished.

Grand Total: 112 creatures vanquished

Notes
Turn   | Place    | Note
-------+----------+-------------------------------------------
     0 | D:1      | Dauddaud the Minotaur Berserker began the quest for the
                  | Orb.
     0 | D:1      | Reached XP level 1. HP: 19/19 MP: 0/0
    58 | D:1      | Reached skill level 4 in Axes
    61 | D:1      | Reached XP level 2. HP: 11/26 MP: 1/1
   595 | D:1      | Found a faded altar of an unknown god.
   717 | D:1      | Reached skill level 5 in Axes
   736 | D:1      | Reached ** piety under Trog
   737 | D:1      | Reached XP level 3. HP: 29/31 MP: 2/2
  2157 | D:3      | Reached skill level 6 in Axes
  2157 | D:3      | Reached XP level 4. HP: 39/39 MP: 3/3
  2540 | D:4      | Found a staircase to the Ecumenical Temple.
  2556 | D:4      | Reached *** piety under Trog
  2557 | D:4      | Reached XP level 5. HP: 33/45 MP: 4/4
  2561 | D:4      | Reached skill level 7 in Axes
  3035 | D:4      | Reached skill level 8 in Axes
  3247 | D:5      | Entered Level 5 of the Dungeon
  3415 | D:5      | Noticed a centaur
  3420 | D:5      | Reached XP level 6. HP: 26/51 MP: 5/5
  3789 | D:5      | Reached skill level 9 in Axes
  4308 | D:5      | Reached XP level 7. HP: 53/57 MP: 6/6
  4398 | D:5      | Found Bonaesm's Antique Armour Boutique.
  4728 | D:5      | Bought a glowing cloak for 247 gold pieces
  5241 | D:6      | Reached skill level 10 in Axes
  5258 | D:6      | Reached skill level 11 in Axes
  5579 | D:6      | Noticed a steam dragon
  5595 | D:6      | Killed a steam dragon
  5596 | D:6      | Reached XP level 8. HP: 59/64 MP: 7/7
  5607 | D:6      | Reached skill level 12 in Axes
  5664 | D:6      | Noticed Menkaure
  5672 | D:6      | Killed Menkaure
  6196 | D:7      | Slain by a killer bee

Illustrated notes

Levels and vault maps discovered:
D:1:      lightli_arrival_statue_moat, layout_loops_ring,
          shapermc_ecumenical_altar_mp_urbaneastern, moated_statue,
          minmay_tetromino_o2
D:2:      layout_rooms
D:3:      layout_basic
D:4:      layout_basic, minmay_temple_entry_junction_2
D:5:      layout_basic, serial_shops, nicolae_diamond_shop,
          corexii_checkpoint_a, nicolae_figureground_sparkle
D:6:      layout_rooms, uniq_menkaure
D:7:      layout_basic, nicolae_ossuary_entry_false_entrances, uniq_duvessa

Skill      XL: |  1  2  3  4  5  6  7  8 |
---------------+-------------------------+-----
Axes           | 4 5 6 8 9 11 12 | 12.9
Fighting       | |  3.6
Armour         | |  2.4
Dodging        | |  2.1

Action                   |  1- 3 |  4- 6 |  7- 9 || total
-------------------------+-------+-------+-------++-------
Melee: Hand axe          |    96 |    89 |    65 ||   250
       Headbutt          |     8 |    15 |    10 ||    33
       Punch             |       |     3 |       ||     3
       War axe           |       |       |     4 ||     4
Invok: Berserk           |       |       |     3 ||     3
       Trog's Hand       |       |       |     2 ||     2
  Use: Scroll            |       |     3 |     1 ||     4
       Potion            |       |       |     2 ||     2
 Stab: Sleeping          |     1 |       |       ||     1
Armor: Ring mail         |    17 |       |       ||    17
       Animal skin       |     4 |       |       ||     4
       Chain mail        |    14 |       |       ||    14
       Plate armour      |     1 |    64 |    54 ||   119
Dodge: Dodged            |    43 |    31 |    36 ||   110

Table legend: (Time is in decaauts)
 A = Elapsed time spent in this place.
 B = Non-inter-level travel time spent in this place.
 C = Inter-level travel time spent in this place.
 D = Time resting spent in this place.
 E = Time spent auto-exploring this place.
 F = Levels seen in this place.
 G = Mean time per level.
                   A        B        C        D        E       F      G
               +--------+--------+--------+--------+--------+-----+--------+
         Total |   6191 |   6020 |    171 |   1671 |   3656 |   7 |  884.4 |
       Dungeon |   6191 |   6020 |    171 |   1671 |   3656 |   7 |  884.4 |
               +--------+--------+--------+--------+--------+-----+--------+

Top non-repeatable levels by time:
     D:5: 1863 daAuts
     D:1: 1184 daAuts
     D:6: 890 daAuts
     D:4: 851 daAuts
     D:3: 775 daAuts
     D:2: 438 daAuts
     D:7: 186 daAuts
